 Dungeon Crawl Stone Soup version 0.27.1-3-gb3d3a73c9e (webtiles) character file.

Game seed: 3864924932354132695

727 Descartes the Covered (level 8, 0/64 HPs)
             Began as a Formicid Wanderer on Oct 16, 2021.
             Slain by Prince Ribbit (7 damage)
             ... on level 5 of the Dungeon.
             The game lasted 00:11:40 (5115 turns).

Descartes the Covered (Formicid Wanderer)           Turns: 5115, Time: 00:11:40

Health: 0/64       AC: 15    Str: 21    XL:     8   Next: 3%
Magic:  12/12      EV:  9    Int: 10    God:
Gold:   134        SH: 10    Dex: 10    Spells: 9/13 levels left

rFire    . . .     SeeInvis +   a - +0 hand axe
rCold    . . .     Faith    .   o - +0 kite shield
rNeg     + . .     Spirit   .   h - +2 scale mail
rPois    .         Reflect  .   (helmet unavailable)
rElec    .         Harm     .   k - +0 cloak
rCorr    .         Rampage  .   (no gloves)
Will     .....                  (no boots)
Stlth    ..........             (no amulet)
HPRegen  0.20/turn              p - ring of positive energy
MPRegen  0.13/turn              s - +4 ring of protection

@: flying, studying Armour
A: permanent stasis, dig shafts and tunnels, antennae 3, four strong arms
a: Dig, Shaft Self


You were on level 5 of the Dungeon.
You visited 1 branch of the dungeon, and saw 5 of its levels.

You collected 134 gold pieces.

Inventory:

Hand Weapons
 a - a +0 hand axe (weapon)
 b - a +0 arbalest
 j - a +0 hunting sling
 l - a +1 dagger of electrocution
 t - a +1 scimitar of venom
Missiles
 c - 141 stones
 i - 58 arrows
 m - 21 poisoned darts
 n - 25 bolts
 u - 20 sling bullets
Armour
 h - a +2 scale mail (worn)
 k - a +0 cloak (worn)
 o - a +0 kite shield (worn)
Jewellery
 p - a ring of positive energy (left hand)
 s - a +4 ring of protection (right hand)
Wands
 d - a wand of flame (5)
Scrolls
 f - 3 scrolls of amnesia {unknown}
 g - 5 scrolls of identify {unknown}
 r - a scroll of noise {unknown}
 v - a scroll of summoning {unknown}
 w - a scroll of enchant weapon {unknown}


   Skills:
 + Level 5.9 Fighting
 + Level 5.5 Axes
 - Level 1.0 Throwing
 + Level 6.9 Armour
 + Level 6.6 Shields
 - Level 3.2 Spellcasting
 - Level 5.0 Conjurations
 + Level 1.5 Hexes
 - Level 1.0 Translocations
 + Level 3.0 Evocations


You had 9 spell levels left.
You knew the following spells:

 Your Spells              Type           Power      Damage    Failure   Level
a - Magic Dart            Conj           44%        1d5       14%         1
b - Dazzling Flash        Conj/Hex       16%        N/A       65%         3

Your spell library contained the following spells:

 Spells                   Type           Power      Damage    Failure   Level
 Slow                     Hex            4%         N/A       65%         2
 Confusing Touch          Hex            4%         N/A       87%         3
 Yara's Violent Unravell  Hex/Tmut       1%         3d3       100%        5


Dungeon Overview and Level Annotations

Branches:
Dungeon (5/15)
 Temple: D:4-7

Altars:

Annotations:
D:2 Sigmund
D:5 Prince Ribbit


Innate Abilities, Weirdness & Mutations

You cannot be hasted, slowed, berserked, paralysed or teleported.
You can dig through walls and to a lower floor.
You have a pair of large antennae on your head. (SInv)
Your four strong arms can wield two-handed weapons with a shield.


Message History

The lemure is almost dead.
The lemure completely misses you.
You hit the lemure but do no damage.
The lemure is almost dead.
You block the lemure's attack.
You hit the lemure.
You kill the lemure!
That felt strangely unrewarding.
Prince Ribbit hits you.
* * * LOW HITPOINT WARNING * * *
You hit Prince Ribbit.
Prince Ribbit is lightly wounded.
Prince Ribbit catches a mosquito with his tongue.
You block Prince Ribbit's attack.
You closely miss Prince Ribbit.
Prince Ribbit is lightly wounded.
Prince Ribbit hits you.
* * * LOW HITPOINT WARNING * * *
Prince Ribbit hops awkwardly around.
You block Prince Ribbit's attack.
It was a potion of flight.
You feel very buoyant.
You fly up into the air.
Prince Ribbit blinks!
You feel better.
You extend your mandibles.
You dig through the rock wall.
You dig through the rock wall.
You retract your mandibles.
Found 10 gold pieces.
Prince Ribbit hits you!
* * * LOW HITPOINT WARNING * * *
You extend your mandibles.
You dig through the rock wall.
You block Prince Ribbit's attack.
You dig through the rock wall.
You retract your mandibles.
You closely miss Prince Ribbit.
Prince Ribbit is lightly wounded.
Prince Ribbit hits you.
* * * LOW HITPOINT WARNING * * *
Prince Ribbit hits you!
* * * LOW HITPOINT WARNING * * *
You feel better. Prince Ribbit hits you!
You die...

#..# #.#.# {# ##.#
#.#.# ..### { #.#
#####.#.##...5. #.#
#............## #.#
#.###..........
#.###.# ###.###...#
#.....###F#.# #
########.#.ยง#
##@#.###.# #
######F###.##...$
...................
####################


You could see Prince Ribbit.

Vanquished Creatures
  A wyvern (D:4)
  Eustachio (D:4)
  A lemure (D:5)
  A phantom (D:4)
  A bullfrog skeleton (D:4)
  A centaur skeleton (D:4)
  An iguana (D:4)
  A hound skeleton (D:4)
  Robin (D:2)
  An adder (D:4)
  5 gnolls
  2 ufetubi (D:4)
  A dart slug (D:4)
  2 orcs (D:4)
  9 endoplasms
  3 giant cockroaches
  14 goblins
  10 hobgoblins
  9 kobolds
  6 quokkas
  12 ball pythons
  4 bats
  2 frilled lizards
  3 rats
92 creatures vanquished.

Notes
Turn   | Place    | Note
-------+----------+-------------------------------------------
     0 | D:1      | Descartes the Formicid Wanderer began the quest for the
                  | Orb.
     0 | D:1      | Descartes set off with the following items: a +0 hand axe,
                  | a +2 scale mail; and the following spell memorised: Magic
                  | Dart; and the following spells available to memorise:
                  | Dazzling Flash
     0 | D:1      | Reached XP level 1. HP: 15/15 MP: 4/4
   207 | D:1      | Reached XP level 2. HP: 6/21 MP: 6/6
   762 | D:2      | Reached skill level 1 in Axes
   766 | D:2      | Reached XP level 3. HP: 22/26 MP: 7/7
  1248 | D:2      | Reached skill level 1 in Shields
  1332 | D:2      | Noticed Sigmund
  2052 | D:3      | Noticed Robin
  2086 | D:2      | Reached XP level 4. HP: 28/32 MP: 8/8
  2674 | D:2      | Reached skill level 5 in Fighting
  2674 | D:2      | Reached skill level 5 in Axes
  2674 | D:2      | Reached skill level 5 in Conjurations
  2674 | D:2      | Reached XP level 5. HP: 9/44 MP: 9/9
  2682 | D:2      | Killed Robin
  2683 | D:2      | Reached XP level 6. HP: 21/51 MP: 10/10
  3413 | D:3      | Found a faded altar of an unknown god.
  3818 | D:4      | Learned a level 3 spell: Dazzling Flash
  3880 | D:4      | Reached XP level 7. HP: 33/57 MP: 11/11
  4065 | D:4      | Noticed a wyvern
  4078 | D:4      | Killed a wyvern
  4079 | D:4      | Reached skill level 1 in Hexes
  4681 | D:4      | Noticed Eustachio
  4748 | D:4      | Killed Eustachio
  4749 | D:4      | Reached XP level 8. HP: 27/64 MP: 12/12
  5023 | D:5      | Entered Level 5 of the Dungeon
  5069 | D:5      | Noticed Prince Ribbit
  5114 | D:5      | HP: 1/64 [Prince Ribbit (7)]
  5115 | D:5      | Slain by Prince Ribbit

Illustrated notes

Levels and vault maps discovered:
D:1:      dpeg_arrival_pits, layout_rooms, minivault_11
D:2:      layout_rooms, uniq_sigmund
D:3:      layout_basic, ebering_ecumenical_altar_abandoned, minmay_between,
          uniq_robin
D:4:      minmay_inner_zag, layout_loops_ring, kennysheep_generic_room_4,
          uniq_eustachio
D:5:      layout_loops_ring, uniq_prince_ribbit1, uniq_pikel

Skill      XL: |  1  2  3  4  5  6  7 |
---------------+----------------------+-----
Axes           | 1 5 |  5.5
Shields        | 1 6 |  6.6
Evocations     | 2 3 |  3.0
Armour         | 6 |  6.9
Conjurations   | 5 |  5.0
Fighting       | 5 |  5.9
Hexes          | 1 |  1.5
Throwing       | |  1.0
Spellcasting   | |  3.2
Translocations | |  1.0

Action                   |  1- 3 |  4- 6 |  7- 9 || total
-------------------------+-------+-------+-------++-------
Melee: Hand axe          |   125 |   186 |   126 ||   437
 Abil: Dig               |       |       |     4 ||     4
Evoke: Wand              |       |       |     1 ||     1
  Use: Potion            |       |     3 |     3 ||     6
Armor: Scale mail        |    69 |    79 |    77 ||   225
       Skin              |       |     8 |       ||     8
Dodge: Dodged            |    69 |    59 |    61 ||   189
Block: Kite shield       |     5 |   111 |    72 ||   188
